 Dungeon Crawl Stone Soup version 0.30-a0-782-ge64f9170bb (webtiles) character file.

Game seed: 14093222451447910308

22292 Crownlay the Grappler (level 12, -5/126 HPs)
             Began as a Troll Fighter on Mar 10, 2023.
             Was a High Priest of Wu Jian.
             Slain by a 13-headed hydra (8 damage)
             ... on level 2 of the Lair of Beasts.
             The game lasted 00:28:02 (10369 turns).

Crownlay the Grappler (Troll Fighter)              Turns: 10369, Time: 00:28:03

Health: -5/126     AC:  9    Str: 27    XL:     12   Next: 61%
Magic:  0/11       EV: 11    Int: 12    God:    Wu Jian [*****.]
Gold:   847        SH: 11    Dex: 15    Spells: 5/11 levels left

rFire   . . .      SeeInvis .      - Unarmed
rCold   + . .      Faith    .    b - +0 kite shield
rNeg    . . .      Spirit   +    M - +0 troll leather armour
rPois   +          Reflect  .    (helmet restricted)
rElec   .          Harm     .    F - +2 cloak {rPois}
rCorr   .          Rampage  .    (gloves unavailable)
Will    ++...                    (boots unavailable)
Stlth   +                        e - amulet of guardian spirit
HPRegen 2.01/turn                J - ring of Departure {Drain Str+4 Int+4 Dex+6}
MPRegen 0.12/turn                o - ring of Jerphaet {rC+ Will++ Str-4}

@: studying Fighting, serpent's lash
A: large, unfitting armour, claws 3, regeneration 1, shaggy fur 1, tough skin 1
a: Renounce Religion, Wall Jump, Serpent's Lash, Heavenly Storm


You were on level 2 of the Lair of Beasts.
You worshipped Wu Jian.
Wu Jian was extremely pleased with you.
You visited 3 branches of the dungeon, and saw 14 of its levels.

You collected 883 gold pieces.
You spent 36 gold pieces at shops.

Inventory:

Missiles
 f - 9 boomerangs (quivered)
 g - 2 boomerangs of dispersal
 j - 3 silver javelins
 m - 45 poisoned darts
 z - a curare-tipped dart
Armour
 b - a +0 kite shield (worn)
 F - a +2 cloak of poison resistance (worn)
 M - a +0 troll leather armour (worn)
Jewellery
 e - an amulet of guardian spirit (around neck)
 l - a ring of protection from fire
 o - the ring of Jerphaet (right claw) {rC+ Will++ Str-4}
   (You acquired it on level 8 of the Dungeon)

   [ring of protection from cold]

   Str:       It affects your strength (-4).
   rC:        It protects you from cold.
   Will:      It greatly increases your willpower.
 J - the ring of Departure (left claw) {Drain Str+4 Int+4 Dex+6}
   (You acquired it on level 8 of the Dungeon)

   [ring of dexterity]

   Str:       It affects your strength (+4).
   Int:       It affects your intelligence (+4).
   Dex:       It affects your dexterity (+6).
   Drain:     It drains your maximum health when unequipped.
 N - a ring of flight
Wands
 a - a wand of mindburst (3)
 E - a wand of digging (4)
 G - a wand of polymorph (6)
 H - a wand of flame (2)
 L - a wand of iceblast (5)
Scrolls
 d - a scroll of amnesia {unknown}
 n - 4 scrolls of noise
 p - a scroll of magic mapping {unknown}
 r - 4 scrolls of vulnerability {unknown}
 s - a scroll of fear
 u - 2 scrolls of immolation {unknown}
 v - 5 scrolls of teleportation
 w - 2 scrolls of fog {unknown}
 y - 2 scrolls of enchant weapon {unknown}
 A - 2 scrolls of blinking {unknown}
 B - 2 scrolls of enchant armour {unknown}
 P - a scroll of acquirement
Potions
 c - 3 potions of might
 h - a potion of flight
 i - 8 potions of curing
 k - a potion of haste
 q - 2 potions of invisibility
 t - 3 potions of berserk rage
 x - 2 potions of ambrosia
 C - 2 potions of magic
 D - 4 potions of cancellation
 I - a potion of attraction
 K - a potion of lignification
 O - a potion of brilliance {unknown}


   Skills:
 + Level 10.3 Fighting
 + Level 6.6 Dodging
 + Level 9.7 Shields
 * Level 14.3 Unarmed Combat


You had 5 spell levels left.
You knew the following spells:

 Your Spells              Type           Power      Damage    Failure   Level
a - Statue Form           Tmut/Erth      0%         N/A       100%        6

Your spell library contained the following spells:

 Spells                   Type           Power      Damage    Failure   Level
 Shock                    Conj/Air       0%         1d3       56%         1
 Sting                    Tmut/Pois      0%         1d3       56%         1
 Blink                    Tloc           0%         N/A       71%         2
 Cigotuvi's Dreadful Rot  Necr/Pois/Air  0%         N/A       71%         2
 Poisonous Vapours        Pois/Air       0%         N/A       71%         2
 Static Discharge         Conj/Air       0%         2-2/arc   71%         2
 Frozen Ramparts          Ice            0%         1d1       91%         3
 Gell's Gravitas          Tloc           0%         N/A       91%         3
 Portal Projectile        Hex/Tloc       0%         N/A       91%         3
 Summon Guardian Golem    Hex/Summ       0%         N/A       91%         3
 Teleport Other           Tloc           0%         N/A       91%         3
 Tukima's Dance           Hex            0%         N/A       91%         3
 Vhi's Electric Charge    Tloc/Air       0%         N/A       91%         3
 Dispel Undead            Necr           0%         3d6       100%        4
 Ice Form                 Ice/Tmut       0%         N/A       100%        4
 Manifold Assault         Tloc           0%         N/A       100%        4
 Olgreb's Toxic Radiance  Pois           0%         N/A       100%        4
 Summon Ice Beast         Ice/Summ       0%         N/A       100%        4
 Arcjolt                  Conj/Air       0%         1d10      100%        5
 Blade Hands              Tmut           0%         N/A       100%        5
 Borgnjor's Vile Clutch   Necr/Erth      0%         N/A       100%        5
 Lightning Bolt           Conj/Air       0%         1d11      100%        5
 Death Channel            Necr           0%         N/A       100%        6
 Dispersal                Tloc           0%         N/A       100%        6
 Orb of Destruction       Conj           0%         9d5       100%        7
 Spellforged Servitor     Conj/Summ      0%         N/A       100%        7
 Storm Form               Tmut/Air       0%         N/A       100%        7
 Lehudib's Crystal Spear  Conj/Erth      0%         10d2      100%        8
 Maxwell's Capacitive Co  Air            0%         ∞         100%        8


Dungeon Overview and Level Annotations

Branches:
Dungeon (11/15)            Temple (1/1) D:6            Lair (2/5) D:8
    Orc (0/2) D:11
  Swamp: Lair:2-3    Shoals: Lair:2-3     Snake: Lair:2-3    Spider: Lair:2-3

Altars:
Ashenzari
Cheibriados
Dithmenos
Elyvilon
Gozag
Kikubaaqudgha
Nemelex Xobeh
Qazlal
Ru
Sif Muna
Uskayaw
Vehumet
Wu Jian
Xom
Yredelemnul
Zin

Shops:
D:2 [   D:4 **((::   D:10 [

Annotations:
D:6 3 runed translucent doors, mopl's ghost, novice DjTm


Innate Abilities, Weirdness & Mutations

You are too large for most types of armour.
You have claws for hands.
Your natural rate of healing is unusually fast.
You are covered in fur. (AC +1)
You have tough skin. (AC +1)


Message History

You tear one of the nine-headed hydra's heads off!
The eight-headed hydra grows two more!
You mangle the ten-headed hydra!!
The ten-headed hydra is almost dead.
A yak comes into view.
You rip one of the ten-headed hydra's heads off!
The nine-headed hydra grows two more!
You claw the 11-headed hydra!
The 11-headed hydra is severely wounded.
The 11-headed hydra misses you. You block the 11-headed hydra's attack.
The 11-headed hydra bites you! You block the 11-headed hydra's attack.
The 11-headed hydra closely misses you. The 11-headed hydra bites you. x2
The 11-headed hydra closely misses you.
The 11-headed hydra bites you but does no damage. x2
The 11-headed hydra closely misses you.
A yak comes into view.
You rip one of the 11-headed hydra's heads off!
The ten-headed hydra grows two more!
You mangle the 12-headed hydra!!
The 12-headed hydra is almost dead.
The 12-headed hydra closely misses you. The 12-headed hydra barely misses you.
The 12-headed hydra closely misses you. The 12-headed hydra bites you.
The 12-headed hydra bites you! You block the 12-headed hydra's attack.
The 12-headed hydra bites you but does no damage.
The 12-headed hydra barely misses you. You block the 12-headed hydra's attack.
The 12-headed hydra bites you!
* * * LOW HITPOINT WARNING * * *
You block the 12-headed hydra's attack. The 12-headed hydra closely misses you.
A yak comes into view.
The yak bellows!
You rip one of the 12-headed hydra's heads off!
The 11-headed hydra grows two more!
You claw the 13-headed hydra!
The 13-headed hydra is severely wounded.
You block the 13-headed hydra's attack. The 13-headed hydra bites you!
* * * LOW HITPOINT WARNING * * *
You block the 13-headed hydra's attack. The 13-headed hydra bites you!
* * * LOW HITPOINT WARNING * * *
The 13-headed hydra closely misses you. x2; The 13-headed hydra bites you!
* * * LOW HITPOINT WARNING * * *
The 13-headed hydra barely misses you.
The 13-headed hydra completely misses you.
The 13-headed hydra bites you!
You die...

............#
...........## ....
....#####..# .... ...##
#..>## .....
....####....####.#......
...#..##................
.............#####......
...#.#P#P.P#..#..†#
...#####........@#......
...## #.........D......
....###...........(.....
...................Y....
....................Y...
......................Y.
.....................Y..
...#.#P..............Y..
.#.###


You could see a 13-headed hydra and 5 yaks.

Vanquished Creatures
  2 two-headed ogres (D:11)
  2 boulder beetles (D:10)
  3 death yaks (D:8)
  2 manticores (D:11)
  2 ugly things
  A cyclops (D:10)
  A black mamba (Lair:1)
  6 cane toads
  A gargoyle (D:11)
  A komodo dragon (Lair:1)
  A kobold demonologist (D:5)
  4 trolls
  A hornet (D:7)
  4 blink frogs (Lair:1)
  3 wyverns
  A shadow (D:10)
  24 yaks
  A vampire (D:10)
  3 wraiths
  A vampire mosquito (D:11)
  2 wargs (D:11)
  2 swamp worms (D:8)
  An acid dragon (D:11)
  Duvessa (D:6)
  6 water moccasins
  7 orc warriors
  An ice beast (D:7)
  2 sky beasts
  4 black bears
  5 wolves (Lair:2)
  A phantom (D:6)
  5 kobold brigands
  10 bullfrogs
  4 scorpions
  2 necrophages
  10 wights
  Dowan (D:6)
  16 killer bees
  3 electric eels (Lair:1)
  A howler monkey (D:11)
  3 hounds
  2 jellies
  6 orc priests
  10 iguanas
  10 orc wizards
  A hell rat (D:8)
  10 gnolls
  6 adders
  A shadow imp (D:7)
  3 white imps
  3 ufetubi
  A worm (D:5)
  4 dart slugs
  49 orcs
  6 endoplasms
  4 giant cockroaches
  6 goblins
  8 hobgoblins
  18 jackals
  32 kobolds
  4 quokkas
  4 ball pythons
  A bat (D:3)
  10 frilled lizards
  6 rats
356 creatures vanquished.

Vanquished Creatures (others)
  15 plants
15 creatures vanquished.

Grand Total: 371 creatures vanquished

Notes
Turn   | Place    | Note
-------+----------+-------------------------------------------
     0 | D:1      | Crownlay the Troll Fighter began the quest for the Orb.
     0 | D:1      | Reached XP level 1. HP: 22/22 MP: 0/0
    49 | D:1      | Reached XP level 2. HP: 29/29 MP: 1/1
   313 | D:1      | Reached XP level 3. HP: 36/36 MP: 2/2
   557 | D:1      | Reached skill level 3 in Unarmed Combat
  1081 | D:2      | Found Xauguos's Armour Boutique.
  1566 | D:2      | Identified a scroll of acquirement
  1653 | D:3      | Reached XP level 4. HP: 44/44 MP: 3/3
  1814 | D:3      | Found an opulent altar of Gozag.
  1886 | D:3      | Found a faded altar of an unknown god.
  2034 | D:3      | Reached XP level 5. HP: 46/53 MP: 4/4
  2355 | D:4      | Reached skill level 4 in Unarmed Combat
  2595 | D:4      | Reached XP level 6. HP: 55/61 MP: 3/5
  2615 | D:4      | Reached skill level 5 in Unarmed Combat
  2643 | D:4      | Found Leacwar's Book Shop.
  2644 | D:4      | Found Fampenes's Weapon Shop.
  2645 | D:4      | Found Wuost's Book Shop.
  2650 | D:4      | Found Qeexitonli's Antique Weapon Shop.
  2707 | D:4      | Found Pijuen's Specific Store.
  2707 | D:4      | Found Dihomee's General Store.
  2721 | D:4      | Bought a scroll of teleportation for 36 gold pieces
  2848 | D:4      | Got Kuajiem's Codex of the Voltaic Xenolith
  2928 | D:5      | Entered Level 5 of the Dungeon
  2996 | D:5      | Reached XP level 7. HP: 44/68 MP: 2/6
  3103 | D:5      | Reached skill level 6 in Unarmed Combat
  3134 | D:5      | Noticed a kobold demonologist
  3134 | D:5      | Noticed a wyvern
  3158 | D:5      | Killed a wyvern
  3228 | D:5      | Noticed an orange demon
  3232 | D:5      | Killed a kobold demonologist
  3233 | D:5      | Reached skill level 5 in Shields
  3233 | D:5      | Reached skill level 7 in Unarmed Combat
  3233 | D:5      | Reached XP level 8. HP: 79/79 MP: 7/7
  3671 | D:5      | Found a shimmering altar of Xom.
  3709 | D:5      | Reached skill level 5 in Fighting
  3842 | D:5      | Learned a level 6 spell: Statue Form
  3850 | D:6      | Found a staircase to the Ecumenical Temple.
  3890 | Temple   | Entered the Ecumenical Temple
  3922 | Temple   | Became a worshipper of the Wu Jian Council
  3982 | D:6      | Reached skill level 8 in Unarmed Combat
  4018 | D:6      | Found a sacrificial altar of Ru.
  4051 | D:6      | Identified the +1 pair of gloves of the Equator {rPois
                  | Str+3 Slay+3 Stlth+}
  4227 | D:6      | Found a runed translucent gate.
  4227 | D:6      | Found a runed translucent gate.
  4229 | D:6      | Found a runed translucent gate.
  4229 | D:6      | Found an opulent altar of Gozag.
  4232 | D:6      | Noticed mopl's ghost (novice DjTm)
  4265 | D:6      | Noticed Duvessa
  4271 | D:6      | Killed Duvessa
  4272 | D:6      | Noticed Dowan
  4278 | D:6      | Killed Dowan
  4342 | D:6      | Reached XP level 9. HP: 88/88 MP: 8/8
  4744 | D:6      | Reached skill level 9 in Unarmed Combat
  5072 | D:7      | Reached * piety under Wu Jian
  5288 | D:7      | Paralysed by a hornet for 2 turns
  5292 | D:7      | Reached skill level 10 in Unarmed Combat
  5733 | D:8      | Reached ** piety under Wu Jian
  5829 | D:8      | Reached XP level 10. HP: 100/100 MP: 9/9
  5906 | D:8      | Noticed a death yak
  5942 | D:8      | Killed a death yak
  6061 | D:8      | Reached skill level 11 in Unarmed Combat
  6290 | D:8      | Found a staircase to the Lair.
  6290 | D:8      | Noticed a death yak
  6291 | D:8      | Noticed a death yak
  6303 | D:8      | Killed a death yak
  6313 | D:8      | Killed a death yak
  6440 | D:8      | Reached *** piety under Wu Jian
  6765 | D:8      | Acquired a manual of Fighting
  6767 | D:8      | Acquired the ring of Departure {Drain Str+4 Int+4 Dex+6}
  6769 | D:8      | Acquired the ring of Jerphaet {rC+ Will++ Str-4}
  6971 | D:9      | Reached XP level 11. HP: 103/109 MP: 8/10
  7360 | D:10     | Entered Level 10 of the Dungeon
  7520 | D:10     | Reached skill level 12 in Unarmed Combat
  7558 | D:10     | Reached **** piety under Wu Jian
  7782 | D:10     | Found Piud's Armour Shoppe.
  8230 | D:11     | Noticed a two-headed ogre
  8236 | D:11     | Killed a two-headed ogre
  8237 | D:11     | Reached skill level 5 in Dodging
  8297 | D:11     | Noticed a red ugly thing
  8310 | D:11     | Killed a red ugly thing
  8434 | D:11     | Noticed a boulder beetle
  8436 | D:11     | Noticed a boulder beetle
  8455 | D:10     | Killed a boulder beetle
  8489 | D:11     | Noticed a green ugly thing
  8596 | D:10     | Killed a green ugly thing
  8602 | D:10     | Reached skill level 13 in Unarmed Combat
  8624 | D:11     | Noticed an eight-headed hydra
  8648 | D:10     | Killed a boulder beetle
  8780 | D:11     | Reached XP level 12. HP: 123/123 MP: 11/11
  8783 | D:11     | Found a staircase to the Orcish Mines.
  8852 | D:11     | Noticed a two-headed ogre
  8858 | D:11     | Killed a two-headed ogre
  9007 | Lair:1   | Entered Level 1 of the Lair of Beasts
  9185 | Lair:1   | Reached ***** piety under Wu Jian
  9512 | Lair:1   | Reached skill level 10 in Fighting
  9512 | Lair:1   | Reached skill level 14 in Unarmed Combat
  9920 | Lair:2   | Noticed a death yak
  9921 | Lair:2   | Noticed a death yak
  9921 | Lair:2   | Noticed a death yak
 10356 | Lair:2   | Noticed a six-headed hydra
 10369 | Lair:2   | HP: 3/126 [13-headed hydra (8)]
 10369 | Lair:2   | Slain by a 13-headed hydra

Illustrated notes

Levels and vault maps discovered:
D:1:      mrwooster_arrival_statue, layout_loops_ring,
          minmay_misc_feat_nine_boxes, corner_web_ring
D:2:      layout_loops_corners, serial_shops, shop, grunt_decor_cap
D:3:      layout_loops_ring, nicolae_gozag_seed_capital,
          hellmonk_ecumenical_altar_arch_garden
D:4:      layout_rooms, serial_bayou_ford_a, minmay_misc_feat_roman,
          nicolae_specific_store, minmay_shop_grid_forest, minmay_bisected
D:5:      layout_loops_ring, mainiacjoe_overflow_24_doors,
          minmay_chambers_of_fives
D:6:      layout_loops_cross, mainiacjoe_overflow_alcove_2, temple_pool_b,
          ebering_ghost_gozag, minmay_lizard_king, uniq_duvessa
D:7:      layout_gridville
D:8:      layout_basic, dpeg_lair_monsters, worms_lemuel
D:9:      layout_cave_pools
D:10:     layout_loops_ring, serial_shops, nicolae_shop_stone
D:11:     cheibrodos_fzero, layout_loops_ring, david_orc_1_choice, st_stairs_3
Temple:   compressed_dpeg_triangle_lava_temple
Lair:1:   layout_long_grid, grunt_forest_stairs_basic, lemuel_fruit_tree,
          serial_bayou_shore_b, serial_bayou_shore_a
Lair:2:   layout_gridlike, hellmonk_spider_entry_life_and_decay

Skill      XL: |  1  2  3  4  5  6  7  8  9 10 11 12 |
---------------+-------------------------------------+-----
Shields        | 3 4 5 6 7 8 9 |  9.7
Unarmed Combat | 3 4 5 7 8 10 11 13 14 | 14.3
Fighting       | 3 4 5 6 7 9 10 | 10.3
Dodging        | 4 5 6 |  6.6

Action                     |  1- 3 |  4- 6 |  7- 9 | 10-12 || total
---------------------------+-------+-------+-------+-------++-------
  Melee: Unarmed           |   119 |   170 |   333 |   571 ||  1193
  Throw: Dart              |       |       |     6 |    19 ||    25
         Boomerang         |       |       |     5 |     5 ||    10
 Invoke: Serpent's Lash    |       |       |       |     2 ||     2
Ability: Lunge             |       |       |    18 |    29 ||    47
         Whirlwind         |       |       |       |     5 ||     5
  Evoke: Wand              |       |       |       |     5 ||     5
    Use: Scroll            |     2 |     2 |     5 |     8 ||    17
         Potion            |       |       |     1 |       ||     1
   Stab: Sleeping          |       |       |       |     1 ||     1
 Armour: Robe              |    36 |    48 |    69 |    44 ||   197
         Troll leather arm |       |       |       |    72 ||    72
  Dodge: Dodged            |    42 |    73 |   197 |   203 ||   515
  Block: Kite shield       |    34 |    61 |   151 |   293 ||   539

Table legend: (Time is in decaauts)
 A = Elapsed time spent in this place.
 B = Non-inter-level travel time spent in this place.
 C = Inter-level travel time spent in this place.
 D = Time resting spent in this place.
 E = Time spent auto-exploring this place.
 F = Levels seen in this place.
 G = Mean time per level.
                   A        B        C        D        E       F      G
               +--------+--------+--------+--------+--------+-----+--------+
         Total |  10325 |   9838 |    487 |     79 |   7288 |  14 |  737.5 |
       Dungeon |   8935 |   8510 |    425 |     79 |   6228 |  11 |  812.3 |
        Temple |     45 |     33 |     12 |      0 |     15 |   1 |   45.0 |
          Lair |   1344 |   1295 |     49 |      0 |   1045 |   2 |  672.0 |
               +--------+--------+--------+--------+--------+-----+--------+

Top non-repeatable levels by time:
     D:8: 1142 daAuts
    D:10: 955 daAuts
  Lair:1: 949 daAuts
     D:6: 940 daAuts
     D:5: 922 daAuts
     D:7: 846 daAuts
     D:2: 831 daAuts
     D:1: 787 daAuts
     D:3: 680 daAuts
     D:4: 646 daAuts
    D:11: 639 daAuts
     D:9: 542 daAuts
  Lair:2: 395 daAuts
  Temple: 45 daAuts
